AoeStats
← bixuzofa

Arabia

504428004Analyzed
1v1 RM · 28d ago on Sep 5, 2026· 63m 5s· 2 players
Game mode
Random Map
Map size
Tiny (2 player)
Population
200
Speed
Normal
Resources
Standard
Victory
Conquest
Starting age
Dark Age
Ending age
Imperial Age
RankedLock teamsTeams togetherTeam positionsShared explorationLock speedFull tech treeHidden civsTurbo modeCheats
Victory
Defeat
🇹🇼 Poles · Taiwan
1450
+16
🇻🇳 Vietnamese · Vietnam
1447
-16
bixuzofa
6:52 Loom
9:49 Feudal Age
10:28 Double-Bit Axe
10:24 Horse Collar
16:05 Wheelbarrow
16:33 Gold Mining
20:42 Castle Age
19:09 Fletching
19:19 Padded Archer Armor
21:03 Bloodlines
21:37 Bow Saw
21:44 Hand Cart
22:10 Bodkin Arrow
25:14 Stone Mining
25:25 Heavy Plow
25:13 Town Watch
26:06 Ballistics
28:03 Scale Mail Armor
28:14 Forging
29:09 Squires
30:59 Chain Mail Armor
33:31 Arson
36:38 Imperial Age
34:56 Elite Skirmisher
35:52 Leather Archer Armor
37:56 Bracer
38:28 Plate Mail Armor
39:03 Chemistry
37:25 Imperial Skirmisher
39:08 Guilds
39:09 Thumb Ring
39:44 Ring Archer Armor
40:37 Plate Mail Armor
40:30 Elite Fire Lancer
45:25 Treadmill Crane
46:46 Iron Casting
60:37 Pikeman
marsturtle
5:46 Loom
8:58 Feudal Age
9:30 Double-Bit Axe
15:41 Wheelbarrow
19:35 Castle Age
17:47 Horse Collar
17:59 Gold Mining
19:30 Padded Archer Armor
19:20 Fletching
20:36 Bow Saw
20:06 Light Cavalry
21:27 Husbandry
22:26 Bodkin Arrow
22:01 Elite Skirmisher
24:37 Leather Archer Armor
26:18 Ballistics
28:16 Hand Cart
29:20 Heavy Plow
30:35 Crossbowman
35:14 Imperial Age
32:59 Thumb Ring
33:06 Crossbowman
35:06 Bloodlines
35:02 Scale Barding Armor
35:19 Arbalester
36:01 Stone Mining
36:17 Bracer
37:32 Chain Barding Armor
38:47 Forging
39:59 Town Watch
42:25 Conscription
43:07 Murder Holes
43:31 Szlachta Privileges
43:01 Winged Hussar
46:49 Chemistry
60:18 Iron Casting
60:47 Crop Rotation
60:20 Town Patrol
Connection lost

Rejoining the realm…

Still unreachable

The connection could not be restored.

Session expired

The server has moved on; the page needs a fresh start.